 Dungeon Crawl Stone Soup version 0.18.1-8-gdd0e5ea (webtiles) character file.

2128 zeroDi the Covert (level 9, -7/42 HPs)
             Began as a Vine Stalker Assassin on May 21, 2016.
             Was a Priest of Okawaru.
             Mangled by Psyche
             ... wielding a +4 dagger of distortion
              (8 damage)
             ... on level 8 of the Dungeon.
             The game lasted 00:19:09 (6565 turns).

zeroDi the Covert (Vine Stalker Assassin)           Turns: 6565, Time: 00:19:09

Health: -7/42      AC:  6    Str: 13    XL:     9   Next: 29%
Magic:  0/10       EV: 10    Int: 16    God:    Okawaru [***...]
Gold:   177        SH: 10    Dex: 24    Spells: 0 memorised, 8 levels left

rFire  . . .     SeeInvis +     a - +1 short sword "Imp's Nightmare" {flame, Dex+4 SInv}
rCold  . . .     Gourm    .     c - +0 robe
rNeg   . . .     Faith    .     C - +0 shield
rPois  .         Spirit   +     D - +0 helmet
rElec  .         Dismiss  .     F - +1 cloak of Vehumet's Wrath {rC- MR+ Int+5}
rCorr  .         Reflect  .     o - +0 pair of gloves
SustAt .         Harm     .     (no boots)
MR     ++...                    (no amulet)
Stlth  +++++.....               (no ring)
                                p - ring of protection from cold

@: very resistant to hostile enchantments, quite stealthy
A: fangs 3, regeneration 2, magic shield, antimagic bite, no device heal 3, rot
immunity
a: Heroism, Renounce Religion


You were on level 8 of the Dungeon.
You worshipped Okawaru.
Okawaru was most pleased with you.
You were not hungry.

You visited 1 branch of the dungeon, and saw 8 of its levels.
You also visited: Ossuary.

You collected 433 gold pieces.
You spent 256 gold pieces at shops.


Innate Abilities, Weirdness & Mutations

You have razor-sharp teeth.
You heal very quickly.
When hurt, damage is shared between your health and your magic reserves.
Your bite disrupts and absorbs the magic of your enemies.
Potions and wands cannot restore your health.
You are immune to rotting.


   Skills:
 - Level 1.7 Fighting
 * Level 7.7 Short Blades
 - Level 3.0 Throwing
 - Level 0.7 Dodging
 - Level 10.0 Stealth
 - Level 4.2 Shields


You had 8 spell levels left.
You didn't know any spells.

Inventory:

Hand Weapons
 a - the +1 short sword "Imp's Nightmare" (weapon) {flame, Dex+4 SInv}
   (You bought it in a shop on level 7 of the Dungeon)

   It has been specially enchanted to burn those struck by it, causing extra
   injury to most foes and up to half again as much damage against particularly
   susceptible opponents.
   It affects your dexterity (+4).
   It lets you see invisible.
 b - a +0 blowgun
 I - a +2 dagger
Missiles
 e - 25 poisoned needles
 f - 2 curare-tipped needles {=f}
 r - 7 javelins (quivered)
Armour
 c - a +0 robe (worn)
 d - a +0 cloak
 o - a +0 pair of gloves (worn)
 C - a +0 shield (worn)
 D - a +0 helmet (worn)
 F - the +1 cloak of Vehumet's Wrath (worn) {rC- MR+ Int+5}
   (You found it on level 5 of the Dungeon)

   It affects your intelligence (+5).
   It makes you vulnerable to cold.
   It affects your resistance to hostile enchantments.
Jewellery
 p - a ring of protection from cold (left hand)
Wands
 E - a wand of random effects (41/48)
 H - a wand of iceblast (6/15)
Scrolls
 h - 4 scrolls of remove curse
 l - 2 scrolls of amnesia
 s - 2 scrolls of random uselessness {unknown}
 t - 2 scrolls of teleportation {unknown}
 v - 5 scrolls of enchant armour {unknown}
 y - a scroll of recharging
 G - a scroll of magic mapping
 J - a scroll of identify {@r1}
 K - a scroll of blinking
 M - 2 scrolls of immolation {unknown}
 N - a scroll of enchant weapon {unknown}
Potions
 j - 2 potions of invisibility {unknown}
 k - 2 potions of might
 m - 2 potions of degeneration {unknown}
 n - a potion of magic
 q - a potion of brilliance {unknown}
 u - a potion of curing {@q1}
 w - a potion of agility
 z - 2 potions of haste {unknown}
 A - a potion of flight {unknown}
 B - 2 potions of resistance
 L - a potion of ambrosia
 O - 2 potions of lignification {!q}
Comestibles
 g - 9 bread rations
 i - a royal jelly
 x - 2 meat rations
 P - 3 beef jerkies
 Q - 3 chunks of flesh
 R - 6 slices of pizza
 S - 5 fruits

Dungeon Overview and Level Annotations

Branches:
Dungeon (8/15)             Temple (0/1) D:7
   Lair: D:8-11

Altars:
Ashenzari
Cheibriados
Gozag
Makhleb
Okawaru
Pakellas
Qazlal
Vehumet
The Shining One

Shops:
D:4 ?   D:5 ?   D:7 (

Annotations:
D:8 Psyche

##..o## #.#
#..o.# #.#
.......#
#o#
###.#>.#
#o# ...#..#
#o#
#####...
#o# .#.#
#.# ....
.#######.##
#....
.......@@.#
..#######.#
.# .# .# .#
.#


You could see Psyche, an orc warrior, an orc wizard (wandering) and 2 orcs.


Message History

You closely miss Psyche. You bite Psyche.
Psyche's magic leaks into the air.
You drain her magic.
You feel invigorated.
Psyche is lightly wounded.
Psyche hits you with a dagger of distortion!
* * * LOW HITPOINT WARNING * * *
Space bends around you.
* * * LOW HITPOINT WARNING * * *
Psyche says, "I'm a bad girl, but I can't do anything about it."
Psyche hits you with a dagger of distortion.
* * * LOW HITPOINT WARNING * * *
You blink.
The orc warrior closely misses you. Psyche casts a spell at you.
You block the puff of frost.
The orc warrior hits you from afar with a glaive.
* * * LOW HITPOINT WARNING * * *
Psyche drinks a potion.
Psyche suddenly seems more resistant.
Psyche hits you with a dagger of distortion!
* * * LOW HITPOINT WARNING * * *
Space warps horribly around you!
You die...

Action                   |  1- 3 |  4- 6 |  7- 9 || total
-------------------------+-------+-------+-------++-------
Melee: Dagger            |    88 |    63 |   344 ||   495
       Bite              |    18 |    21 |   157 ||   196
       Short sword       |       |       |    56 ||    56
 Fire: Blowgun           |       |    32 |     6 ||    38
Throw: Javelin           |       |       |     2 ||     2
Evoke: Wand              |       |       |     2 ||     2
  Use: Potion            |       |     1 |       ||     1
       Scroll            |       |       |    16 ||    16
 Stab: Sleeping          |     5 |     5 |    13 ||    23
       Distracted        |       |     2 |     3 ||     5
  Eat: Chunk             |     1 |     7 |     9 ||    17
       Pizza             |       |       |     2 ||     2
Armor: Robe              |    27 |    11 |    53 ||    91
Dodge: Dodged            |    50 |    12 |   103 ||   165
Block: Shield            |       |    15 |   106 ||   121

Vault maps used:
D:1:      co_arrival_square_in_a_square_in_a_square, serial_forest,
          infiniplex_forest_end_3, infiniplex_forest_fountain,
          infiniplex_forest_clump_small, infiniplex_forest_straight_2,
          infiniplex_forest_end_3, infiniplex_forest_lined_2,
          infiniplex_forest_diagonal, infiniplex_forest_clump_curved
D:2:      lemuel_doored_altar, grunt_pakellas_mercury,
          ashenzari_conservatory_becter, ecumenical_altar_1, fountainhead,
          grunt_gozag_breadcrumbs
D:3:      okawaru_trees_2, first_bread
D:4:      kennysheep_mini, lemuel_crystal_altar, serial_shops, shop,
          nicolae_tso_swordbearing_angel, uniq_crazy_yiuf_cottage
D:5:      serial_shops, shop
D:6:      slow_altar_2
D:7:      minmay_temple_entry_overgrown, serial_shops, shop, enter_ossuary_4,
          grunt_livestock, nicolae_underground_beach
D:8:      nicolae_overflow_hidden_temple, uniq_psyche
Ossuary:  ossuary_minmay_chase

Notes
Turn   | Place    | Note
--------------------------------------------------------------
     0 | D:1      | zeroDi the Vine Stalker Assassin began the quest for the Orb.
     0 | D:1      | Reached XP level 1. HP: 11/11 MP: 2/2
    27 | D:1      | Reached skill level 2 in Throwing
   220 | D:1      | Reached XP level 2. HP: 15/15 MP: 3/3
   678 | D:1      | Reached skill level 3 in Throwing
   703 | D:1      | Reached XP level 3. HP: 18/18 MP: 4/4
   779 | D:2      | Reached skill level 2 in Short Blades
   865 | D:2      | Found an oddly glowing altar of Pakellas.
   890 | D:2      | Found a shattered altar of Ashenzari.
   917 | D:2      | Found a faded altar to an unknown god.
   977 | D:2      | Found a radiant altar of Vehumet.
  1062 | D:2      | Found an opulent altar of Gozag.
  1280 | D:2      | Reached XP level 4. HP: 23/23 MP: 5/5
  1305 | D:2      | Reached skill level 3 in Short Blades
  1771 | D:3      | Found an iron altar of Okawaru.
  1910 | D:3      | Became a worshipper of Warmaster Okawaru
  2360 | D:4      | Found Wiguf's Magic Scroll Emporium.
  2443 | D:4      | Found a stormy altar of Qazlal.
  2548 | D:4      | Noticed an ogre
  2566 | D:4      | Killed an ogre
  2566 | D:4      | Reached skill level 4 in Short Blades
  2566 | D:4      | Reached XP level 5. HP: 26/26 MP: 6/6
  2645 | D:4      | Found a glowing golden altar of the Shining One.
  2674 | D:4      | Found a burning altar of Makhleb.
  2679 | D:4      | Noticed an ogre
  2715 | D:4      | Noticed an ogre
  2717 | D:4      | Killed an ogre
  2717 | D:4      | Reached skill level 5 in Short Blades
  2717 | D:4      | Gained mutation: You heal very quickly. [Vine Stalker growth]
  2717 | D:4      | Reached XP level 6. HP: 16/30 MP: 3/7
  2785 | D:4      | Reached * piety under Okawaru
  3080 | D:4      | Noticed Crazy Yiuf
  3126 | D:4      | Killed Crazy Yiuf
  3220 | D:4      | Reached skill level 6 in Short Blades
  3495 | D:4      | Reached XP level 7. HP: 32/34 MP: 8/8
  3541 | D:4      | Reached skill level 5 in Stealth
  3632 | D:5      | Entered Level 5 of the Dungeon
  3719 | D:5      | Found Cebass's Magic Scroll Boutique.
  3756 | D:5      | Reached skill level 1 in Shields
  3832 | D:5      | HP: 1/34 [ice beast (5)]
  3912 | D:5      | Reached skill level 6 in Stealth
  4080 | D:5      | Reached skill level 2 in Shields
  4122 | D:5      | Reached ** piety under Okawaru
  4122 | D:5      | Reached skill level 7 in Stealth
  4122 | D:5      | Gained mutation: You have razor-sharp teeth. [Vine Stalker growth]
  4122 | D:5      | Reached XP level 8. HP: 22/38 MP: 9/9
  4128 | D:5      | Got a faintly glowing cloak
  4136 | D:5      | Identified the +1 cloak of Vehumet's Wrath {rC- MR+ Int+5} (You found it on level 5 of the Dungeon)
  4461 | D:6      | Reached skill level 8 in Stealth
  4615 | D:6      | Reached skill level 3 in Shields
  5181 | D:6      | Reached skill level 9 in Stealth
  5343 | D:6      | Found a snail-covered altar of Cheibriados.
  5475 | D:7      | Reached skill level 4 in Shields
  5524 | D:7      | Found a sand-covered staircase.
  5543 | Ossuary  | Entered an ossuary
  5584 | Ossuary  | Reached skill level 10 in Stealth
  5673 | Ossuary  | Reached *** piety under Okawaru
  5677 | Ossuary  | Reached XP level 9. HP: 30/42 MP: 5/10
  6029 | D:7      | Found Pitawae's Antique Weapon Emporium.
  6035 | D:7      | Bought a slimy short sword for 256 gold pieces
  6035 | D:7      | Identified the cursed +1 short sword "Imp's Nightmare" {flame, Dex+4 SInv} (You bought it in a shop on level 7 of the Dungeon)
  6084 | D:7      | Found a staircase to the Ecumenical Temple.
  6348 | D:7      | Reached skill level 7 in Short Blades
  6555 | D:8      | Noticed Psyche
  6565 | D:8      | HP: 1/42 [Psyche/dagger of distortion (5)]
  6565 | D:8      | Mangled by Psyche

Vanquished Creatures
  A human (D:7)
  A hungry ghost (D:8)
  An ice beast (D:5)
  A phantom (D:5)
  A necrophage (D:6)
  4 ogres
  2 centaurs
  A giant frog (D:6)
  An elf zombie (Ossuary)
  A wyvern skeleton (D:6)
  A scorpion (D:6)
  3 howler monkeys
  A centaur zombie (D:5)
  3 hounds
  Crazy Yiuf (D:4)
  2 giant frog skeletons
  An iguana (D:7)
  3 orc wizards
  5 worker ants
  4 sheep (D:7)
  A hound zombie (D:7)
  A hound skeleton (D:7)
  3 mummies (Ossuary)
  7 adders
  A shadow imp (D:7)
  An ooze (D:4)
  2 adder zombies (Ossuary)
  A worm (D:6)
  2 dart slugs
  3 giant geckos
  20 orcs
  2 ball pythons
  4 giant cockroaches
  A hobgoblin (D:1)
  7 bats
  3 giant newts (D:1)
  A gnoll zombie (Ossuary)
  4 goblins
  4 goblin zombies (Ossuary)
  2 hobgoblin zombies (Ossuary)
  A jackal zombie (D:5)
  4 kobolds
  A kobold zombie (Ossuary)
  A quokka skeleton (D:5)
  6 quokka zombies
  3 rats
  3 rat zombies
127 creatures vanquished.
